 Dungeon Crawl Stone Soup version 0.28.0 (webtiles) character file.

Game seed: 2546219873622080075

1238 Host24 the Quickloader (level 8, -1/51 HPs)
             Began as a Kobold Hunter on Feb 5, 2022.
             Slain by an ufetubus (5 damage)
             ... on level 6 of the Dungeon.
             The game lasted 00:21:00 (8598 turns).

Host24 the Quickloader (Kobold Hunter)              Turns: 8598, Time: 00:21:01

Health: -1/51      AC:  0    Str: 12    XL:     8   Next: 78%
Magic:  8/8        EV: 16    Int: 12    God:
Gold:   298        SH:  0    Dex: 15    Spells: 7/7 levels left

rFire   . . .      SeeInvis .   a - +1 hand crossbow
rCold   . . .      Faith    .   (no shield)
rNeg    . . .      Spirit   .   c - +0 leather armour
rPois   .          Reflect  .   A - +0 helmet
rElec   .          Harm     .   (no cloak)
rCorr   .          Rampage  .   (no gloves)
Will    .....                   (no boots)
Stlth   +++.......              (no amulet)
HPRegen 0.17/turn               (no ring)
MPRegen 0.11/turn               (no ring)

@: corroded
A: small, no large weapons, nightstalker 3
a: no special abilities


You were on level 6 of the Dungeon.
You visited 1 branch of the dungeon, and saw 6 of its levels.
You also visited: Ossuary.

You collected 298 gold pieces.

Inventory:

Hand Weapons
 a - a +1 hand crossbow (weapon)
 b - a +0 short sword
 y - a +2 spectral club
Missiles
 d - 24 bolts (quivered ammo)
 i - 193 stones
 k - 4 large rocks
 x - 8 poisoned darts
 C - 47 sling bullets
 E - 5 silver javelins
 F - 30 arrows
Armour
 c - a +0 leather armour (worn)
 A - a +0 helmet (worn)
Wands
 s - a wand of iceblast (9)
Scrolls
 g - 2 scrolls of noise {unknown}
 h - a scroll of fog {unknown}
 l - a scroll of acquirement {unknown}
 n - 2 scrolls of magic mapping {unknown}
 o - 14 scrolls of identify {unknown}
 p - 2 scrolls of blinking {unknown}
 r - a scroll of immolation {unknown}
 t - 4 scrolls of teleportation {unknown}
 u - 2 scrolls of torment {unknown}
Potions
 e - 2 potions of berserk rage {unknown}
 f - 3 potions of haste {unknown}
 j - 6 potions of curing {unknown}
 m - a potion of heal wounds {unknown}
 q - 2 potions of degeneration {unknown}
 v - 2 potions of mutation {unknown}
 w - 2 potions of lignification {unknown}
 z - a potion of attraction {unknown}
 B - 3 potions of magic {unknown}
 D - a potion of brilliance {unknown}


   Skills:
 - Level 6.0 Fighting
 - Level 10.2 Crossbows
 + Level 5.2 Dodging
 - Level 1.3 Stealth


You had 7 spell levels left.
You didn't know any spells.
Your spell library contained the following spells:

 Spells                   Type           Power      Damage    Failure   Level
 Confusing Touch          Hex            0%         N/A       77%         3
 Swiftness                Air            0%         N/A       77%         3
 Tukima's Dance           Hex            0%         N/A       77%         3
 Anguish                  Hex/Necr       0%         N/A       99%         4
 Animate Armour           Summ/Erth      0%         N/A       99%         4
 Petrify                  Tmut/Erth      0%         N/A       99%         4
 Metabolic Englaciation   Hex/Ice        0%         N/A       100%        5
 Yara's Violent Unravell  Hex/Tmut       0%         3d3       100%        5
 Statue Form              Tmut/Erth      0%         N/A       100%        6
 Enfeeble                 Hex            0%         N/A       100%        7
 Dragon's Call            Summ           0%         N/A       100%        9


Dungeon Overview and Level Annotations

Branches:
Dungeon (6/15)            Ossuary (visited)
 Temple: D:4-7

Altars:
Gozag
Hepliaklqana
Kikubaaqudgha
Makhleb
Uskayaw
Vehumet
Zin
The Shining One

Annotations:
D:2 1 runed translucent door, Crazy Yiuf
D:5 Dowan, Duvessa
D:6 Edmund


Innate Abilities, Weirdness & Mutations

You are small and have problems with some larger weapons.
You are completely attuned to the shadows.


Message History

Press: ? - help, Q - select action, (/) - cycle Shift-Dir - straight line, f/p - jelly
Aim: a jelly (severely wounded, 92% to hit)
You shoot a bolt. The bolt hits the jelly!
You kill the jelly!
Unknown command.
d - 29 bolts (gained 3)
An ufetubus comes into view.
The ufetubus shouts!
Items here: ( ))) ††.
Fire: 29 bolts
Press: ? - help, Q - select action, (/) - cycle Shift-Dir - straight line, f - ufetubus
Aim: an ufetubus (57% to hit)
You shoot a bolt. The bolt closely misses the ufetubus.
Unknown command.
Fire: 28 bolts
Press: ? - help, Q - select action, (/) - cycle Shift-Dir - straight line, f/p - ufetubus
Aim: an ufetubus (57% to hit)
You shoot a bolt. The bolt misses the ufetubus.
The ufetubus misses you. The ufetubus barely misses you.
Unknown command.
Fire: 27 bolts
Press: ? - help, Q - select action, (/) - cycle Shift-Dir - straight line, f/p - ufetubus
Aim: an ufetubus (57% to hit)
You shoot a bolt.
The bolt hits the ufetubus but does no damage.
The ufetubus misses you. The ufetubus closely misses you.
The ufetubus misses you. The ufetubus closely misses you.
Fire: 26 bolts
Press: ? - help, Q - select action, (/) - cycle Shift-Dir - straight line, f/p - ufetubus
Aim: an ufetubus (57% to hit)
You shoot a bolt. The bolt misses the ufetubus.
The ufetubus closely misses you. The ufetubus completely misses you.
Unknown command.
Fire: 25 bolts
Press: ? - help, Q - select action, (/) - cycle Shift-Dir - straight line, f/p - ufetubus
Aim: an ufetubus (57% to hit)
You shoot a bolt. The bolt hits the ufetubus.
The ufetubus is almost dead.
The ufetubus hits you.
You die...

.....g.##..........#........####
....(...#...................#
##.....................######
#.....##........>..#..##
....########(....####.#
....#####<.##(..##.>###
.....#.##...#.(.#...#
##......##..#..(#'.###
###.....###(..5@###.#
##......†...(.....#
###.......♣..)...#
##.............# #####.....#####
##..#...#..## #...#...#...#
#>.##...##.<# #####...#####


You could see an ufetubus.

Vanquished Creatures
  An acid dragon (D:6)
  An ice beast (D:6)
  2 ogres
  A centaur (D:5)
  A bullfrog (D:6)
  A water moccasin skeleton (D:4)
  2 howler monkeys (D:6)
  A bullfrog zombie (D:6)
  A hound (D:5)
  2 jellies (D:6)
  2 iguanas (D:5)
  13 mummies (Ossuary)
  A howler monkey zombie (D:5)
  Robin (D:4)
  7 gnolls
  4 adders
  A white imp (D:5)
  An ufetubus (D:5)
  2 worms
  A dart slug (D:4)
  8 orcs
  4 endoplasms
  2 giant cockroaches
  19 goblins
  10 hobgoblins
  6 jackals (D:3)
  6 kobolds
  8 quokkas
  5 ball pythons
  4 bats
  3 frilled lizards
  A gnoll skeleton (Ossuary)
  2 goblin skeletons (Ossuary)
  3 kobold skeletons (Ossuary)
  2 orc skeletons (Ossuary)
  A rat (D:3)
  11 rat skeletons (Ossuary)
141 creatures vanquished.

Vanquished Creatures (others)
  2 plants (D:4)
2 creatures vanquished.

Grand Total: 143 creatures vanquished

Notes
Turn   | Place    | Note
-------+----------+-------------------------------------------
     0 | D:1      | Host24 the Kobold Hunter began the quest for the Orb.
     0 | D:1      | Reached XP level 1. HP: 12/12 MP: 1/1
    91 | D:1      | Reached skill level 5 in Crossbows
   137 | D:1      | Reached XP level 2. HP: 8/18 MP: 2/2
   306 | D:1      | Found a faded altar of an unknown god.
  1386 | D:1      | Reached XP level 3. HP: 22/23 MP: 3/3
  2054 | D:2      | Reached XP level 4. HP: 27/28 MP: 4/4
  2246 | D:2      | Reached skill level 6 in Crossbows
  2297 | D:2      | Found a runed translucent door.
  2300 | D:2      | Noticed Crazy Yiuf
  3581 | D:3      | Found a burning altar of Makhleb.
  3607 | D:3      | Found a glowing golden altar of the Shining One.
  3859 | D:3      | Reached XP level 5. HP: 31/32 MP: 5/5
  4409 | D:3      | Found a radiant altar of Vehumet.
  4416 | D:3      | Found a glowing silver altar of Zin.
  4416 | D:3      | Found an ancient bone altar of Kikubaaqudgha.
  4418 | D:3      | Found a hide-covered altar of Uskayaw.
  4491 | D:4      | Noticed Robin
  4574 | D:4      | Found a sand-covered staircase.
  4688 | D:4      | Reached skill level 7 in Crossbows
  4754 | Ossuary  | Entered an ossuary
  5120 | Ossuary  | Reached XP level 6. HP: 37/37 MP: 6/6
  5295 | Ossuary  | Reached skill level 8 in Crossbows
  5786 | D:4      | Killed Robin
  6087 | D:4      | Reached skill level 9 in Crossbows
  6087 | D:4      | Reached XP level 7. HP: 16/41 MP: 7/7
  6294 | D:4      | Found a hazy altar of Hepliaklqana.
  6591 | D:5      | Entered Level 5 of the Dungeon
  6860 | D:5      | Reached skill level 10 in Crossbows
  7156 | D:5      | Noticed Duvessa
  7191 | D:5      | Noticed Dowan
  7246 | D:5      | Reached XP level 8. HP: 39/48 MP: 8/8
  8353 | D:6      | Reached skill level 5 in Fighting
  8396 | D:6      | Found an opulent altar of Gozag.
  8410 | D:6      | Found an opulent altar of Gozag.
  8418 | D:6      | Found an opulent altar of Gozag.
  8425 | D:6      | Found an opulent altar of Gozag.
  8450 | D:6      | Got the Incunabulum of Flight and the Entourage
  8525 | D:6      | Noticed Edmund
  8583 | D:6      | Reached skill level 5 in Dodging
  8598 | D:6      | Slain by an ufetubus

Illustrated notes

Levels and vault maps discovered:
D:1:      lemuel_arrival_river_ford, layout_rooms,
          chequers_ecumenical_altar_simple_redux, minmay_pentomino_p4
D:2:      layout_basic, uniq_crazy_yiuf_cottage
D:3:      layout_basic, minitemple, mainiacjoe_overflow_catwalk_spiral,
          kennysheep_generic_room_9
D:4:      layout_rooms, mainiacjoe_overflow_boulevard,
          lightli_ossuary_entry_decrepit_ruins, uniq_robin
D:5:      layout_loops_cross, uniq_duvessa
D:6:      layout_cave_pools, mainiacjoe_overflow_alcove_1,
          nicolae_gozag_conspicuous_consumption,
          minmay_temple_entry_statues_pillars, serial_shops,
          nicolae_square_shop, portal_sewer_entry_a, minivault_10,
          grunt_ministairs_6, uniq_edmund

Skill      XL: |  1  2  3  4  5  6  7  8 |
---------------+-------------------------+-----
Crossbows      | 5 6 7 9 10 | 10.2
Fighting       | 3 6 |  6.0
Dodging        | 3 5 |  5.2
Stealth        | |  1.3

Action                   |  1- 3 |  4- 6 |  7- 9 || total
-------------------------+-------+-------+-------++-------
Melee: Short sword       |    88 |   269 |    65 ||   422
       Punch             |     3 |     7 |     1 ||    11
       Club              |       |       |     4 ||     4
 Fire: Hand crossbow     |    20 |    92 |    77 ||   189
 Stab: Sleeping          |     9 |    14 |     1 ||    24
       Distracted        |       |     1 |       ||     1
Armor: Leather armour    |    21 |    48 |    19 ||    88
Dodge: Dodged            |    68 |   187 |   109 ||   364
